 Dungeon Crawl Stone Soup version 0.24-a0-549-g45f0056d81 (webtiles) character file.

Game seed: 11829193404453303084

602 Ijustatesigmund the Skirmisher (level 7, -12/76 HPs)
             Began as an Ogre Fighter on Aug 20, 2019.
             Was a Follower of Okawaru.
             Mangled by an ogre
             ... wielding a +0 giant club
              (25 damage)
             ... on level 4 of the Dungeon.
             The game lasted 00:06:49 (5391 turns).

Ijustatesigmund the Skirmisher (Ogre Fighter)       Turns: 5391, Time: 00:06:49

Health: -12/76     AC:  3    Str: 21    XL:     7   Next: 41%
Magic:  7/9        EV: 13    Int:  9    God:    Okawaru [*.....]
Gold:   146        SH: 11    Dex: 10    Spells: 6/6 levels left

rFire    . . .     SeeInvis .   a - +0 flail
rCold    . . .     Gourm    +   c - +1 shield
rNeg     . . .     Faith    .   b - +0 robe
rPois    .         Spirit   .   (helmet restricted)
rElec    .         Reflect  .   (no cloak)
rCorr    .         Harm     .   (gloves unavailable)
MR       .....                  (boots unavailable)
Stlth    +++.......             n - amulet of the gourmand
HPRegen  0.22/turn              (no ring)
MPRegen  0.11/turn              (no ring)

@: lethally poisoned (-12 -> -23), heroism
A: large, unfitting armour, tough skin 1
a: Heroism, Renounce Religion


You were on level 4 of the Dungeon.
You worshipped Okawaru.
Okawaru was aware of your devotion.
You were not hungry.

You visited 1 branch of the dungeon, and saw 4 of its levels.

You collected 146 gold pieces.

Inventory:

Hand Weapons
 a - a +0 flail (weapon)
Missiles
 e - a throwing net (quivered)
Armour
 b - a +0 robe (worn)
 c - a +1 shield (worn)
Jewellery
 n - an amulet of the gourmand (around neck)
Scrolls
 g - a scroll of identify
 i - a scroll of enchant armour
 k - 2 scrolls of remove curse
Potions
 l - 2 potions of cancellation
Comestibles
 f - 9 rations


   Skills:
 + Level 6.3(11.3) Fighting
 * Level 5.1(10.1) Maces & Flails
 - Level 3.0(8.0) Dodging
 - Level 0.2(5.2) Stealth
 - Level 3.1(8.1) Shields
 + Level 3.4 Invocations


You had 6 spell levels left.
You didn't know any spells.
Your spell library was empty.

Dungeon Overview and Level Annotations

Branches:
Dungeon (4/15)             Temple (0/1) D:4

Altars:
Okawaru
Qazlal
Trog
Wu Jian
Yredelemnul
Zin


Innate Abilities, Weirdness & Mutations

You are too large for most types of armour.
You have tough skin. (AC +1)


Message History

You are too injured to fight recklessly!
You gain the combat prowess of a mighty hero.
An orc comes into view. It is wielding a +0 club.
The orc hits you but does no damage.
You are poisoned.
The ogre hits you with a +0 giant club!!
* * * LOW HITPOINT WARNING * * *
The orc shouts!
You hit the ogre.
The ogre is moderately wounded.
You feel sick.
Your shield prevents you from hitting the ogre.
The ogre is moderately wounded.
You block the orc's attack. The ogre barely misses you.
You hit the ogre.
The ogre is heavily wounded.
You feel sick. The orc hits you but does no damage.
You are more poisoned.
The ogre hits you with a +0 giant club!!
You die...

.....####.#
(....'....##..........#
.....#######..........#
.....# #....o.....#
#'#### #..........# #.#
###..........# #.#
#.#....o.....# #.#
#.#....oO....# ..#
#.#....@.....# ###
#.+..........#
#########.#..........#
#............##.######
##.#######.##.##+# #.
....# #.##.#.....#.#
....######.##.#.....#.#
##
....'...##...$#.....#.#
.#
....###.#######.....#.#
..# .#


You could see an ogre, an orc priest and 2 orcs.

Vanquished Creatures
  Grinder (D:4)
  A phantom (D:4)
  An ogre (D:4)
  An orc priest (D:4)
  2 orc wizards (D:3)
  A worker ant (D:4)
  5 adders
  An adder skeleton (D:3)
  2 worms
  2 dart slugs (D:1)
  2 leopard geckos
  7 orcs
  A ball python (D:1)
  2 giant cockroaches (D:3)
  8 goblins
  7 hobgoblins
  5 jackals
  7 kobolds
  3 quokkas
  A ball python skeleton (D:4)
  5 bats
  A frilled lizard (D:2)
  3 rats
69 creatures vanquished.

Notes
Turn   | Place    | Note
-------+----------+-------------------------------------------
     0 | D:1      | Ijustatesigmund the Ogre Fighter began the quest for the
                  | Orb.
     0 | D:1      | Reached XP level 1. HP: 24/24 MP: 1/1
   130 | D:1      | Reached XP level 2. HP: 19/32 MP: 2/2
   948 | D:1      | Reached XP level 3. HP: 7/40 MP: 3/3
  1598 | D:2      | Found a stormy altar of Qazlal.
  1710 | D:2      | Found an ornate altar of the Wu Jian Council.
  2089 | D:2      | Found an iron altar of Okawaru.
  2093 | D:2      | Became a worshipper of Warmaster Okawaru
  2243 | D:2      | Found a bloodstained altar of Trog.
  2246 | D:2      | Found a glowing silver altar of Zin.
  2549 | D:3      | Reached XP level 4. HP: 49/49 MP: 4/4
  3155 | D:3      | Reached skill level 1 in Invocations
  3370 | D:3      | Found a basalt altar of Yredelemnul.
  3749 | D:4      | Noticed a phantom
  3787 | D:4      | Killed a phantom
  3787 | D:4      | Reached skill level 5 in Fighting
  3787 | D:4      | Reached XP level 5. HP: 11/57 MP: 4/6
  4115 | D:4      | Noticed Grinder
  4124 | D:4      | Paralysed by Grinder for 3 turns
  4128 | D:4      | Killed Grinder
  4128 | D:4      | Reached * piety under Okawaru
  4128 | D:4      | Reached XP level 6. HP: 49/67 MP: 6/8
  4237 | D:4      | Found a staircase to the Ecumenical Temple.
  4247 | D:4      | Reached skill level 6 in Fighting
  4255 | D:4      | Reached XP level 7. HP: 11/75 MP: 9/9
  4258 | D:4      | HP: 3/75 [quokka (4)]
  4829 | D:3      | Reached skill level 5 in Maces & Flails
  5391 | D:4      | Mangled by an ogre

Levels and vault maps discovered:
D:1:      noname_arrival_rooms_in_the_neighbourhood, layout_loops_ring,
          chequers_mini_garden, lemuel_old_faithful
D:2:      layout_basic, grunt_temple_overflow_diamond, lemuel_crystal_altar,
          grunt_qazlal_clouds
D:3:      layout_basic, marbit_many_paths
D:4:      layout_basic, minmay_temple_entry_trees, first_ration, uniq_grinder

Skill      XL: |  1  2  3  4  5  6  7 |
---------------+----------------------+-----
Maces & Flails | 2 3 4 5 |  5.1
Shields        | 3 |  3.1
Dodging        | 3 |  3.0
Invocations    | 1 2 3 |  3.4
Fighting       | 5 6 |  6.3
Stealth        | |  0.2

Action                   |  1- 3 |  4- 6 |  7- 9 || total
-------------------------+-------+-------+-------++-------
Melee: Flail             |   111 |   112 |    41 ||   264
Invok: Heroism           |       |       |     3 ||     3
  Use: Potion            |     1 |     3 |       ||     4
       Scroll            |     6 |     3 |       ||     9
 Stab: Sleeping          |     1 |       |       ||     1
       Distracted        |     1 |       |       ||     1
  Eat: Chunk             |     3 |     8 |     1 ||    12
       Ration            |     1 |       |       ||     1
Armor: Robe              |    32 |    32 |    12 ||    76
Dodge: Dodged            |    41 |    56 |    16 ||   113
Block: Shield            |    55 |    62 |    22 ||   139

Table legend:
 A = Non-vault XP
 B = Vault XP
 C = Vault XP percentage of total XP
 D = Non-vault monster count
 E = Vault monster count
 F = Vault count percentage of total count
                 A         B        C        D         E       F
            +---------+---------+-------+---------+---------+-------
      Total |     582 |     279 |  32.4 |      67 |       2 |   2.9
            +---------+---------+-------+---------+---------+-------
        D:1 |      34 |       0 |   0.0 |      16 |       0 |   0.0
        D:2 |      38 |       0 |   0.0 |      13 |       0 |   0.0
        D:3 |     160 |       2 |   1.2 |      28 |       1 |   3.4
        D:4 |     350 |     277 |  44.2 |      10 |       1 |   9.1
            +---------+---------+-------+---------+---------+-------
